MLB
TEXAS RANGERS @ SAN DIEGO PADRES
04/13/2099
 
TOP OF THE 1ST
Texas Rangers batting - Pitching for San Diego Padres : RHP Chris Penn
Pitching: RHP Chris Penn
Batting: SHB Luis Chavez 0-0: Ball
1-0: Called Strike
1-1: Ball
2-1: Foul Ball, location: 2F
2-2: Fly out, F8 (Flyball, 78D, EV 93.1 MPH)
Batting: RHB Chris Patrick 0-0: Swinging Strike
0-1: SINGLE (Groundball, 56S, EV 75.0 MPH) (infield hit)
Batting: LHB Simeone DeVito 0-0: Called Strike
0-1: Ball
1-1: Swinging Strike
1-2: Foul Ball, location: 2F
1-2: Foul Ball, location: 5FF
1-2: Strikes out swinging
Batting: RHB Kevin Hock 0-0: Fly out, F9 (Flyball, 89M, EV 97.5 MPH)
Top of the 1st over - 0 runs, 1 hit, 0 errors, 1 left on base; Texas 0 - San Diego 0
BOTTOM OF THE 1ST
San Diego Padres batting - Pitching for Texas Rangers : RHP Bernie Gallegos
Pitching: RHP Bernie Gallegos
Batting: LHB Eric Schoonover 0-0: Fly out, F7 (Flyball, 7S, EV 89.4 MPH)
Batting: RHB Jose Barillas 0-0: Called Strike
0-1: Ball
1-1: Reached on error, E5 (Groundball, 56S, EV 93.8 MPH)
Batting: LHB Joel Sherlock 0-0: Ball
1-0: Called Strike
1-1: Called Strike
1-2: Grounds into double play, 4-6-3 (Groundball, 34S, EV 80.6 MPH)
Bottom of the 1st over - 0 runs, 0 hits, 1 error, 0 left on base; Texas 0 - San Diego 0
TOP OF THE 2ND
Texas Rangers batting - Pitching for San Diego Padres : RHP Chris Penn
Batting: LHB Charlie Gagne 0-0: Called Strike
0-1: Ball
1-1: Swinging Strike
1-2: Strikes out swinging
Batting: RHB Travis Huffman 0-0: Ball
1-0: Ball
2-0: Called Strike
2-1: Ball
3-1: Base on Balls
Batting: LHB Scott Spencer 0-0: Fly out, F7 (Flyball, 7LM, EV 91.3 MPH)
Batting: RHB Jason Hartel 0-0: Ball
Wild Pitch!
Travis Huffman to second
1-0: Ball
2-0: SINGLE (Line Drive, 56, EV 95.6 MPH)
Travis Huffman to third
Runner from 3rd tries for Home, SAFE, throw by LF to home
Jason Hartel to second
Batting: RHB Chris Daly 0-0: Foul Ball, location: 5FF
0-1: Called Strike
0-2: Ball
1-2: Foul Ball, location: 9LMF
1-2: Foul Ball, location: 9LDF
1-2: Strikes out looking
Top of the 2nd over - 1 run, 1 hit, 0 errors, 1 left on base; Texas 1 - San Diego 0
BOTTOM OF THE 2ND
San Diego Padres batting - Pitching for Texas Rangers : RHP Bernie Gallegos
Batting: RHB Tony Woody 0-0: SINGLE (Line Drive, 89S, EV 93.8 MPH)
Batting: RHB Chris Santos 0-0: Swinging Strike
0-1: Ball
1-1: Foul Ball, location: 2F
1-2: Fly out, F7 (Flyball, 7, EV 100.6 MPH)
Batting: RHB Alfredo Beltran 0-0: Ball
1-0: Fly out, F3 (Popup, 3S, EV 79.4 MPH)
Batting: RHB Maxwell Judson 0-0: Ball
1-0: Fly out, F8 (Flyball, 78M, EV 95.6 MPH)
Bottom of the 2nd over - 0 runs, 1 hit, 0 errors, 1 left on base; Texas 1 - San Diego 0
TOP OF THE 3RD
Texas Rangers batting - Pitching for San Diego Padres : RHP Chris Penn
Pitching: LHP Robert Bartos
Batting: SHB Luis Chavez 0-0: Ball
1-0: Called Strike
1-1: Foul Ball, location: 3F
1-2: Ball
2-2: Ball
3-2: Foul Ball, location: 23F
3-2: Strikes out swinging
Batting: RHB Chris Patrick 0-0: Called Strike
0-1: Foul Ball, location: 2F
0-2: Ball
1-2: Foul Ball, location: 7LMF
1-2: SINGLE (Line Drive, 56D, EV 69.4 MPH)
Batting: LHB Simeone DeVito 0-0: Called Strike
0-1: Swinging Strike
0-2: Ball
1-2: Foul Ball, location: 9LMF
1-2: Ball
2-2: Strikes out looking
Batting: RHB Kevin Hock 0-0: Ball
1-0: DOUBLE (Flyball, 89D, EV 96.9 MPH)
Chris Patrick to third
Batting: LHB Charlie Gagne 0-0: Called Strike
0-1: Ground out 5-3 (Groundball, 5L, EV 84.4 MPH)
Top of the 3rd over - 0 runs, 2 hits, 0 errors, 2 left on base; Texas 1 - San Diego 0
BOTTOM OF THE 3RD
San Diego Padres batting - Pitching for Texas Rangers : RHP Bernie Gallegos
Batting: RHB John Ballard 0-0: Called Strike
0-1: Ground out 4-3 (Groundball, 34, EV 80.0 MPH)
Batting: LHB R.J. Correll 0-0: Ball
1-0: Ball
2-0: Ball
3-0: Called Strike
3-1: Foul Ball, location: 25F
3-2: Fly out, F7 (Flyball, 78S, EV 96.9 MPH)
Batting: LHB Eric Schoonover 0-0: Ball
1-0: Swinging Strike
1-1: Foul Ball, location: 5FF
1-2: Foul Ball, location: 7LSF
1-2: Strikes out swinging
Bottom of the 3rd over - 0 runs, 0 hits, 0 errors, 0 left on base; Texas 1 - San Diego 0
TOP OF THE 4TH
Texas Rangers batting - Pitching for San Diego Padres : LHP Robert Bartos
Batting: RHB Travis Huffman 0-0: Called Strike
0-1: Foul Ball, location: 2F
0-2: Strikes out looking
Batting: LHB Scott Spencer 0-0: Foul Ball, location: 2F
0-1: Foul Ball, location: 7LDF
0-2: Ground out 4-3 (Groundball, 4M, EV 83.1 MPH)
Batting: RHB Jason Hartel 0-0: Ball
1-0: Ball
2-0: Called Strike
2-1: Ball
3-1: Foul Ball, location: 9LMF
3-2: Foul Ball, location: 3F
3-2: Foul Ball, location: 25FF
3-2: Foul Ball, location: 3FF
3-2: DOUBLE (Flyball, 8LD, EV 91.9 MPH)
Batting: RHB Chris Daly 0-0: Called Strike
0-1: Called Strike
0-2: Foul Ball, location: 2F
0-2: Ball
1-2: Strikes out swinging
Top of the 4th over - 0 runs, 1 hit, 0 errors, 1 left on base; Texas 1 - San Diego 0
BOTTOM OF THE 4TH
San Diego Padres batting - Pitching for Texas Rangers : RHP Bernie Gallegos
Batting: RHB Jose Barillas 0-0: Foul Ball, location: 2F
0-1: Ball
1-1: DOUBLE (Flyball, 8RXD, EV 107.5 MPH)
Batting: LHB Joel Sherlock 0-0: Ball
1-0: Ground out U3 (Groundball, 34, EV 79.4 MPH)
Jose Barillas to third
Batting: RHB Tony Woody 0-0: Ball
1-0: Swinging Strike
1-1: Called Strike
1-2: Strikes out looking
Batting: RHB Chris Santos 0-0: Ball
1-0: Ball
2-0: Called Strike
2-1: Foul Ball, location: 2F
2-2: Ball
Wild Pitch!
Jose Barillas scores
3-2: SINGLE (Flyball, 56D, EV 85.6 MPH)
Batting: RHB Alfredo Beltran 0-0: Swinging Strike
0-1: Foul Ball, location: 2F
0-2: Strikes out looking
Bottom of the 4th over - 1 run, 2 hits, 0 errors, 1 left on base; Texas 1 - San Diego 1
TOP OF THE 5TH
Texas Rangers batting - Pitching for San Diego Padres : LHP Robert Bartos
Pitching: RHP Danny Ahlers
Batting: SHB Luis Chavez 0-0: Foul Ball, location: 5FF
0-1: Ball
1-1: Foul Ball, location: 2F
1-2: Ball
2-2: Ball
3-2: Strikes out swinging
Batting: RHB Chris Patrick 0-0: Called Strike
0-1: Ball
1-1: Called Strike
1-2: Ball
2-2: SINGLE (Line Drive, 5D, EV 104.4 MPH)
Batting: LHB Simeone DeVito 0-0: Called Strike
0-1: Swinging Strike
0-2: Ball
1-2: Grounds into double play, 4-6-3 (Groundball, 34S, EV 87.5 MPH)
Top of the 5th over - 0 runs, 1 hit, 0 errors, 0 left on base; Texas 1 - San Diego 1
BOTTOM OF THE 5TH
San Diego Padres batting - Pitching for Texas Rangers : RHP Bernie Gallegos
Batting: RHB Maxwell Judson 0-0: Ball
1-0: Ball
2-0: Called Strike
2-1: Foul Ball, location: 2F
2-2: Fly out, F2 (Popup, 3SF, EV 84.4 MPH)
Batting: RHB John Ballard 0-0: Called Strike
0-1: SINGLE (Line Drive, 3D, EV 99.4 MPH)
Batting: LHB R.J. Correll 0-0: Fielders Choice at 2nd, 4-6 (Groundball, 4, EV 81.9 MPH)
Batting: LHB Eric Schoonover 0-0: Ground out U3 (Groundball, 3L, EV 86.3 MPH)
Bottom of the 5th over - 0 runs, 1 hit, 0 errors, 1 left on base; Texas 1 - San Diego 1
TOP OF THE 6TH
Texas Rangers batting - Pitching for San Diego Padres : RHP Danny Ahlers
Batting: RHB Kevin Hock 0-0: Ball
1-0: Ball
2-0: Fly out, F5 (Popup, 25F, EV 91.3 MPH)
Batting: LHB Charlie Gagne 0-0: Ball
1-0: Called Strike
1-1: Ball
2-1: Swinging Strike
2-2: Foul Ball, location: 9LSF
2-2: Strikes out swinging
Batting: RHB Travis Huffman 0-0: Called Strike
0-1: Called Strike
0-2: Ball
1-2: Ball
2-2: Ball
3-2: Ground out 5-3 (Groundball, 56, EV 108.1 MPH)
Top of the 6th over - 0 runs, 0 hits, 0 errors, 0 left on base; Texas 1 - San Diego 1
BOTTOM OF THE 6TH
San Diego Padres batting - Pitching for Texas Rangers : RHP Bernie Gallegos
Batting: RHB Jose Barillas 0-0: SINGLE (Line Drive, 4D, EV 99.4 MPH)
Batting: LHB Joel Sherlock 0-0: Ball
1-0: Ball
2-0: Called Strike
2-1: Called Strike
2-2: Foul Ball, location: 2F
2-2: Fly out, F7 (Line Drive, 7D, EV 93.8 MPH)
Batting: RHB Tony Woody 0-0: Called Strike
0-1: Swinging Strike
0-2: Ball
1-2: Ball
2-2: Foul Ball, location: 3DF
2-2: Strikes out swinging
Batting: RHB Chris Santos 0-0: Called Strike
0-1: SINGLE (Flyball, 9S, EV 95.0 MPH)
Jose Barillas to second
Runner from 2nd tries for 3rd, SAFE, no throw by RF
Batting: RHB Alfredo Beltran 0-0: Ball
1-0: Ball
2-0: Called Strike
2-1: Foul Ball, location: 9LSF
2-2: DOUBLE (Line Drive, 9LM, EV 95.0 MPH)
Jose Barillas scores
Chris Santos to third
Runner from 3rd tries for Home, SAFE, throw by RF to home
Batting: RHB Maxwell Judson 0-0: Fly out, F7 (Line Drive, 7, EV 105.0 MPH)
Bottom of the 6th over - 2 runs, 3 hits, 0 errors, 1 left on base; Texas 1 - San Diego 3
TOP OF THE 7TH
Texas Rangers batting - Pitching for San Diego Padres : RHP Danny Ahlers
Pitching: LHP Lorenzo Cabrera
Batting: LHB Scott Spencer 0-0: Ground out U3 (Groundball, 3L, EV 86.3 MPH)
Batting: RHB Jason Hartel 0-0: Swinging Strike
0-1: Ball
1-1: Ball
2-1: Ball
3-1: Base on Balls
Batting: RHB Chris Daly 0-0: Foul Ball, location: 7LMF
0-1: Ball
1-1: Ball
2-1: Called Strike
2-2: Ball
3-2: Base on Balls
Jason Hartel to second
Batting: SHB Luis Chavez 0-0: Swinging Strike
0-1: Ball
1-1: Swinging Strike
1-2: Grounds into double play, 6-4-3 (Groundball, 6, EV 83.8 MPH)
Top of the 7th over - 0 runs, 0 hits, 0 errors, 1 left on base; Texas 1 - San Diego 3
BOTTOM OF THE 7TH
San Diego Padres batting - Pitching for Texas Rangers : RHP Bernie Gallegos
Pitching: RHP Steve Sullivan
Batting: RHB John Ballard 0-0: Foul Ball, location: 2F
0-1: Ball
1-1: Ball
2-1: Called Strike
2-2: SINGLE (Line Drive, 56D, EV 96.3 MPH)
Batting: LHB R.J. Correll 0-0: Called Strike
0-1: Swinging Strike
0-2: Ball
1-2: Strikes out swinging
Batting: LHB Eric Schoonover 0-0: Foul Ball, location: 5SF
0-1: Foul Ball, location: 7LSF
0-2: Foul Ball, location: 2F
0-2: DOUBLE (Line Drive, 3D, EV 108.8 MPH)
John Ballard to third
Runner from 3rd tries for Home, SAFE, throw by RF to trailing runner, OUT at third! 9-3-5
Batting: RHB Jose Barillas 0-0: Ball
1-0: Called Strike
1-1: SINGLE (Groundball, 34D, EV 93.8 MPH)
Batting: LHB Joel Sherlock 0-0: Ball
1-0: Called Strike
Jose Barillas steals 2nd base
1-1: Foul Ball, location: 3F
1-2: Ball
2-2: Ball
3-2: Ground out 3-1 (Groundball, 34S, EV 67.5 MPH)
Bottom of the 7th over - 1 run, 3 hits, 0 errors, 1 left on base; Texas 1 - San Diego 4
TOP OF THE 8TH
Texas Rangers batting - Pitching for San Diego Padres : LHP Lorenzo Cabrera
Pitching: RHP Dan Ketterer
Batting: RHB Chris Patrick 0-0: Ground out U3 (Groundball, 3, EV 81.3 MPH)
Batting: LHB Simeone DeVito 0-0: Foul Ball, location: 2F
0-1: Called Strike
0-2: Ball
1-2: Ball
2-2: Strikes out looking
Pinch Hitting: LHB Nick Gunnels 0-0: Ball
1-0: SOLO HOME RUN (Flyball, 89XD, EV 111.9 MPH), Distance : 437 ft
Batting: LHB Charlie Gagne 0-0: Called Strike
0-1: Swinging Strike
0-2: Strikes out swinging
Top of the 8th over - 1 run, 1 hit, 0 errors, 0 left on base; Texas 2 - San Diego 4
BOTTOM OF THE 8TH
San Diego Padres batting - Pitching for Texas Rangers : RHP Steve Sullivan
Now in LF: Nick Gunnels
Batting: RHB Tony Woody 0-0: Called Strike
0-1: Ball
1-1: Ball
2-1: Foul Ball, location: 2F
2-2: Foul Ball, location: 9LMF
2-2: Ball
3-2: Base on Balls
Pitching: RHP Victor Luna
Batting: RHB Chris Santos 0-0: Called Strike
0-1: Ball
1-1: Ball
2-1: Called Strike
Tony Woody steals 2nd base
2-2: Ball
3-2: Base on Balls
Batting: RHB Alfredo Beltran 0-0: Ball
1-0: Grounds into double play, 5-4-3 (Groundball, 15, EV 86.3 MPH)
Tony Woody to third
Batting: RHB Maxwell Judson 0-0: Called Strike
0-1: Foul Ball, location: 25FF
0-2: Ball
1-2: Ground out 6-3 (Groundball, 6, EV 100.6 MPH)
Bottom of the 8th over - 0 runs, 0 hits, 0 errors, 1 left on base; Texas 2 - San Diego 4
TOP OF THE 9TH
Texas Rangers batting - Pitching for San Diego Padres : RHP Dan Ketterer
Batting: RHB Travis Huffman 0-0: Ball
1-0: Ball
2-0: Ball
3-0: Called Strike
3-1: Fly out, F7 (Flyball, 7S, EV 93.1 MPH)
Batting: LHB Scott Spencer 0-0: Fly out, F9 (Flyball, 9, EV 78.1 MPH)
Batting: RHB Jason Hartel 0-0: Ball
1-0: SINGLE (Groundball, 4MD, EV 100.6 MPH)
Batting: RHB Chris Daly 0-0: Foul Ball, location: 7LMF
0-1: Foul Ball, location: 7LSF
0-2: Strikes out swinging, 2-3 out at first.
Top of the 9th over - 0 runs, 1 hit, 0 errors, 1 left on base; Texas 2 - San Diego 4
Thursday, May 2nd , 2024 - OOTP Baseball 24.11 Build 85